[ PARTIDA AOE2 · #478618228 ]
Team RMJemeres vs Persians
[ ANÁLISIS DE REPETICIÓN · EXTRAÍDO DE LA PARTIDA GRABADA ]
Feudal
12:44
Castillos
17:18
Imperial
31:19
| APM promedio | 33.0 |
| APM pico | 72 |
| eAPM promedio | 21.3 |
| Aldeanos / militares | 167 / 108 |
Foco
⚔️ 25.5% · 🌾 74.5%
Battle Elephant ×90 · Trade Cart ×14 · Scorpion ×9 · Fishing Ship ×8 · Knight ×6 · Scout Cavalry ×2
Feudal
19:41
Castillos
25:28
Imperial
45:17
| APM promedio | 26.3 |
| APM pico | 53 |
| eAPM promedio | 16.4 |
| Aldeanos / militares | 134 / 27 |
Foco
⚔️ 26.2% · 🌾 73.8%
Scorpion ×24 · Mangonel ×3
Feudal
10:39
Castillos
34:54
Imperial
—
| APM promedio | 31.6 |
| APM pico | 80 |
| eAPM promedio | 14.6 |
| Aldeanos / militares | 92 / 53 |
Foco
⚔️ 29.9% · 🌾 70.1%
Spearman ×24 · Woad Raider ×20 · Mangonel ×5 · Militia ×4
Feudal
11:57
Castillos
15:30
Imperial
34:03
| APM promedio | 73.8 |
| APM pico | 124 |
| eAPM promedio | 28.8 |
| Aldeanos / militares | 148 / 232 |
Foco
⚔️ 37.2% · 🌾 62.8%
Hand Cannoneer ×121 · Camel Scout ×75 · Monk ×16 · Bombard Cannon ×12 · Trade Cart ×7 · Fishing Ship ×5
Feudal
10:59
Castillos
17:20
Imperial
38:02
| APM promedio | 31.9 |
| APM pico | 58 |
| eAPM promedio | 16.4 |
| Aldeanos / militares | 127 / 175 |
Foco
⚔️ 33.9% · 🌾 66.1%
Spearman ×72 · Scout Cavalry ×25 · Camel Scout ×20 · Armored Elephant ×18 · Skirmisher ×15 · Fishing Ship ×11
Feudal
15:00
Castillos
23:37
Imperial
34:28
| APM promedio | 30.0 |
| APM pico | 64 |
| eAPM promedio | 15.4 |
| Aldeanos / militares | 142 / 88 |
Foco
⚔️ 26.9% · 🌾 73.1%
Genoese Crossbowman ×72 · Unknown (882) ×10 · Trebuchet (Packed) ×8 · Mangonel ×7 · Trade Cart ×6 · Bombard Cannon ×1
Feudal
17:23
Castillos
21:13
Imperial
41:02
| APM promedio | 32.3 |
| APM pico | 95 |
| eAPM promedio | 20.8 |
| Aldeanos / militares | 143 / 52 |
Foco
⚔️ 28.4% · 🌾 71.6%
Obuch ×22 · Skirmisher ×21 · Battering Ram ×6 · Fishing Ship ×5 · Monk ×1 · Mangonel ×1
Feudal
11:12
Castillos
18:08
Imperial
31:05
| APM promedio | 22.0 |
| APM pico | 57 |
| eAPM promedio | 15.7 |
| Aldeanos / militares | 130 / 137 |
Foco
⚔️ 27.3% · 🌾 72.7%
Knight ×126 · Fishing Ship ×32 · Trade Cart ×25 · Monk ×6 · Trebuchet (Packed) ×3 · Bombard Cannon ×2
Mapa de la partida
Recursos iniciales + cada clic de construcción. Líneas = muros · curvas = relieve. ◆ oro · ⬟ piedra · ● bayas · ✦ reliquia · ◌ hueco del cierre
Tu base· Abierta — el rival se encerró
Base de ChuckieMagnets· ✓ Cerrada en 25:28 · 221t muro · 3 puerta(s)
Base de Alvaro· Abierta — hueco de 2t
Base de LaochraGael· ✓ Cerrada en 15:30 · 0t muro · frágil
Base de GA_PureViolence· Abierta — el rival se encerró
Base de Madbun· ✓ Cerrada en 23:37 · 66t muro · 1 puerta(s)
Base de uku_· Abierta — el rival se encerró
Base de Katnip· ✓ Cerrada en 18:08 · 38t muro · sin puerta
Terreno inicial suavizado · ◌ = hueco del cierre detectado · pasá el cursor para detalles
Inputs por minuto
— damiansima - - ChuckieMagnets
Build order — damiansima
Primeras 150 de 411 acciones detectadas
| 0:03 | Crear | Villager (Male) |
| 0:03 | Crear | Villager (Male) |
| 0:03 | Crear | Villager (Male) |
| 0:04 | Crear | Villager (Male) |
| 0:06 | Construir | House |
| 0:07 | Construir | House |
| 1:24 | Crear | Villager (Male) |
| 1:24 | Crear | Villager (Male) |
| 1:40 | Crear | Villager (Male) |
| 2:21 | Crear | Villager (Male) |
| 2:22 | Crear | Villager (Male) |
| 2:39 | Crear | Villager (Male) |
| 2:39 | Crear | Villager (Male) |
| 2:48 | Construir | Lumber Camp |
| 3:13 | Construir | House |
| 3:25 | Investigar | Loom |
| 3:26 | Crear | Villager (Male) |
| 4:10 | Crear | Villager (Male) |
| 4:10 | Crear | Villager (Male) |
| 4:25 | Construir | Dock |
| 4:37 | Crear | Villager (Male) |
| 4:37 | Crear | Villager (Male) |
| 4:38 | Crear | Villager (Male) |
| 5:04 | Crear | Villager (Male) |
| 5:05 | Crear | Villager (Male) |
| 5:05 | Crear | Villager (Male) |
| 5:11 | Construir | House |
| 5:16 | Crear | Fishing Ship |
| 5:32 | Crear | Villager (Male) |
| 5:32 | Crear | Villager (Male) |
| 5:32 | Crear | Villager (Male) |
| 5:54 | Crear | Villager (Male) |
| 5:54 | Crear | Villager (Male) |
| 6:04 | Crear | Fishing Ship |
| 6:31 | Crear | Villager (Male) |
| 6:31 | Crear | Villager (Male) |
| 6:58 | Crear | Villager (Male) |
| 6:58 | Crear | Villager (Male) |
| 6:58 | Crear | Villager (Male) |
| 7:00 | Crear | Fishing Ship |
| 7:06 | Construir | House |
| 7:13 | Crear | Villager (Male) |
| 7:13 | Crear | Villager (Male) |
| 7:19 | Crear | Fishing Ship |
| 7:33 | Crear | Villager (Male) |
| 7:33 | Crear | Villager (Male) |
| 7:34 | Crear | Villager (Male) |
| 7:44 | Crear | Fishing Ship |
| 8:04 | Crear | Villager (Male) |
| 8:04 | Crear | Villager (Male) |
| 8:08 | Construir | Mill |
| 8:13 | Crear | Villager (Male) |
| 8:13 | Crear | Villager (Male) |
| 8:13 | Crear | Villager (Male) |
| 8:25 | Crear | Villager (Male) |
| 9:10 | Crear | Villager (Male) |
| 9:12 | Crear | Fishing Ship |
| 9:13 | Crear | Villager (Male) |
| 9:17 | Construir | House |
| 9:54 | Crear | Fishing Ship |
| 10:00 | Construir | Farm |
| 10:00 | Construir | Farm |
| 10:09 | Crear | Villager (Male) |
| 10:19 | Construir | House |
| 10:31 | Investigar | Feudal Age |
| 10:58 | Construir | Mill |
| 11:06 | Construir | Mining Camp |
| 11:50 | Construir | Farm |
| 12:44 | Edad | Edad Feudal |
| 12:58 | Crear | Villager (Male) |
| 12:58 | Crear | Villager (Male) |
| 12:58 | Crear | Villager (Male) |
| 12:59 | Crear | Villager (Male) |
| 13:02 | Construir | Fish Trap |
| 13:05 | Construir | Fish Trap |
| 13:11 | Construir | Fish Trap |
| 13:19 | Crear | Villager (Male) |
| 13:19 | Crear | Villager (Male) |
| 13:41 | Construir | Fish Trap |
| 13:43 | Crear | Villager (Male) |
| 14:18 | Investigar | Castle Age |
| 14:21 | Construir | Fish Trap |
| 14:35 | Construir | Farm |
| 15:04 | Construir | Fish Trap |
| 15:15 | Construir | Lumber Camp |
| 15:45 | Construir | Fish Trap |
| 16:52 | Crear | Villager (Male) |
| 16:52 | Crear | Villager (Male) |
| 16:53 | Crear | Villager (Male) |
| 17:11 | Crear | Villager (Male) |
| 17:11 | Crear | Villager (Male) |
| 17:18 | Edad | Edad de los Castillos |
| 17:23 | Crear | Villager (Male) |
| 17:27 | Construir | Town Center |
| 17:32 | Crear | Villager (Male) |
| 17:32 | Crear | Villager (Male) |
| 17:42 | Construir | Town Center |
| 17:55 | Investigar | Double-Bit Axe |
| 17:57 | Investigar | Horse Collar |
| 18:14 | Construir | House |
| 18:34 | Crear | Villager (Male) |
| 18:34 | Crear | Villager (Male) |
| 18:34 | Crear | Villager (Male) |
| 18:34 | Crear | Villager (Male) |
| 18:43 | Construir | House |
| 18:44 | Construir | House |
| 18:45 | Construir | House |
| 18:46 | Construir | House |
| 18:47 | Construir | House |
| 18:48 | Construir | House |
| 18:49 | Construir | House |
| 18:59 | Crear | Villager (Male) |
| 18:59 | Crear | Villager (Male) |
| 19:10 | Crear | Villager (Male) |
| 19:10 | Crear | Villager (Male) |
| 19:12 | Construir | Farm |
| 19:12 | Construir | Farm |
| 19:14 | Construir | Farm |
| 19:22 | Construir | Farm |
| 19:23 | Crear | Villager (Male) |
| 19:24 | Crear | Villager (Male) |
| 19:24 | Crear | Villager (Male) |
| 19:24 | Crear | Villager (Male) |
| 19:33 | Crear | Villager (Male) |
| 19:33 | Crear | Villager (Male) |
| 19:34 | Crear | Villager (Male) |
| 19:34 | Crear | Villager (Male) |
| 19:41 | Construir | Monastery |
| 19:53 | Crear | Villager (Male) |
| 19:53 | Crear | Villager (Male) |
| 19:55 | Construir | Farm |
| 20:15 | Crear | Villager (Male) |
| 20:15 | Crear | Villager (Male) |
| 20:31 | Construir | Market |
| 20:34 | Crear | Monk |
| 20:56 | Construir | Farm |
| 20:57 | Construir | Farm |
| 20:58 | Construir | Farm |
| 20:59 | Crear | Villager (Male) |
| 20:59 | Crear | Villager (Male) |
| 20:59 | Crear | Villager (Male) |
| 21:03 | Construir | Farm |
| 21:06 | Construir | Farm |
| 21:08 | Construir | Farm |
| 21:09 | Construir | Farm |
| 21:10 | Construir | Farm |
| 21:11 | Construir | Farm |
| 21:13 | Crear | Villager (Male) |
| 21:13 | Crear | Villager (Male) |
| 21:14 | Crear | Villager (Male) |
Build order — ChuckieMagnets
Primeras 150 de 343 acciones detectadas
| 0:01 | Crear | Villager (Male) |
| 0:01 | Crear | Villager (Male) |
| 0:02 | Construir | House |
| 0:04 | Construir | House |
| 0:17 | Investigar | Loom |
| 0:40 | Construir | Palisade Wall |
| 0:49 | Crear | Villager (Male) |
| 0:49 | Crear | Villager (Male) |
| 1:47 | Construir | Lumber Camp |
| 2:07 | Crear | Villager (Male) |
| 2:39 | Crear | Villager (Male) |
| 2:52 | Construir | House |
| 3:09 | Crear | Villager (Male) |
| 3:37 | Crear | Villager (Male) |
| 3:51 | Construir | Palisade Wall |
| 4:05 | Crear | Villager (Male) |
| 4:19 | Construir | Palisade Wall |
| 4:30 | Construir | House |
| 4:38 | Crear | Villager (Male) |
| 4:45 | Construir | House |
| 4:57 | Construir | House |
| 5:05 | Crear | Villager (Male) |
| 5:06 | Crear | Villager (Male) |
| 5:41 | Crear | Villager (Male) |
| 5:43 | Construir | House |
| 6:16 | Crear | Villager (Male) |
| 6:27 | Construir | Palisade Gate |
| 6:28 | Construir | Palisade Wall |
| 6:43 | Crear | Villager (Male) |
| 7:08 | Crear | Villager (Male) |
| 7:28 | Crear | Villager (Male) |
| 7:55 | Crear | Villager (Male) |
| 8:25 | Crear | Villager (Male) |
| 8:25 | Crear | Villager (Male) |
| 8:28 | Construir | House |
| 8:44 | Construir | Town Center |
| 8:49 | Construir | Palisade Wall |
| 8:50 | Construir | Palisade Wall |
| 8:50 | Construir | Palisade Wall |
| 8:51 | Construir | Palisade Wall |
| 8:52 | Construir | Palisade Wall |
| 8:52 | Construir | Palisade Wall |
| 9:16 | Crear | Villager (Male) |
| 9:17 | Crear | Villager (Male) |
| 9:27 | Construir | Mill |
| 10:07 | Crear | Villager (Male) |
| 10:18 | Construir | Palisade Wall |
| 10:35 | Crear | Villager (Male) |
| 10:43 | Construir | Palisade Wall |
| 10:45 | Construir | Palisade Wall |
| 10:54 | Construir | Palisade Wall |
| 11:24 | Construir | Mill |
| 11:27 | Construir | Palisade Wall |
| 11:40 | Crear | Villager (Male) |
| 11:56 | Construir | Palisade Wall |
| 12:13 | Crear | Villager (Male) |
| 12:13 | Crear | Villager (Male) |
| 12:16 | Construir | House |
| 12:49 | Crear | Villager (Male) |
| 12:49 | Crear | Villager (Male) |
| 12:53 | Construir | Palisade Wall |
| 13:12 | Construir | Palisade Wall |
| 13:18 | Construir | Palisade Wall |
| 13:21 | Construir | Palisade Wall |
| 13:35 | Crear | Villager (Male) |
| 13:36 | Crear | Villager (Male) |
| 13:39 | Construir | Palisade Wall |
| 13:43 | Construir | Palisade Wall |
| 14:07 | Construir | Palisade Wall |
| 14:14 | Crear | Villager (Male) |
| 14:18 | Construir | Palisade Wall |
| 14:19 | Construir | Palisade Wall |
| 14:19 | Construir | Palisade Wall |
| 14:31 | Construir | Palisade Wall |
| 14:36 | Construir | Mining Camp |
| 14:54 | Construir | House |
| 14:56 | Crear | Villager (Male) |
| 15:30 | Crear | Villager (Male) |
| 15:30 | Crear | Villager (Male) |
| 15:37 | Construir | Palisade Wall |
| 15:51 | Construir | Farm |
| 16:05 | Construir | Farm |
| 16:14 | Crear | Villager (Male) |
| 16:18 | Construir | Palisade Wall |
| 16:32 | Construir | Palisade Wall |
| 16:45 | Construir | House |
| 16:49 | Construir | Palisade Wall |
| 16:52 | Crear | Villager (Male) |
| 17:08 | Construir | Palisade Wall |
| 17:21 | Construir | House |
| 17:29 | Crear | Villager (Male) |
| 17:31 | Investigar | Feudal Age |
| 18:04 | Construir | Mining Camp |
| 18:06 | Crear | Villager (Male) |
| 18:07 | Crear | Villager (Male) |
| 18:37 | Construir | Palisade Wall |
| 18:40 | Construir | Palisade Wall |
| 19:07 | Construir | Lumber Camp |
| 19:41 | Edad | Edad Feudal |
| 19:49 | Construir | Stone Wall |
| 19:53 | Construir | House |
| 19:56 | Construir | Stone Wall |
| 20:05 | Construir | Market |
| 20:17 | Crear | Villager (Male) |
| 20:26 | Construir | Stone Wall |
| 20:46 | Crear | Villager (Male) |
| 20:52 | Construir | Stone Wall |
| 21:05 | Construir | Stone Wall |
| 21:20 | Construir | Blacksmith |
| 21:25 | Crear | Villager (Male) |
| 21:40 | Construir | Stone Wall |
| 22:02 | Crear | Villager (Male) |
| 22:08 | Construir | Farm |
| 22:48 | Investigar | Castle Age |
| 23:11 | Construir | Palisade Gate |
| 23:18 | Construir | Gate |
| 23:46 | Crear | Villager (Male) |
| 23:51 | Construir | Lumber Camp |
| 24:02 | Construir | Stone Wall |
| 24:18 | Construir | Gate |
| 24:19 | Construir | Stone Wall |
| 24:22 | Construir | Stone Wall |
| 24:34 | Construir | Mining Camp |
| 24:49 | Construir | Stone Wall |
| 24:54 | Construir | Stone Wall |
| 25:05 | Construir | Stone Wall |
| 25:06 | Construir | Stone Wall |
| 25:17 | Construir | Lumber Camp |
| 25:28 | Edad | Edad de los Castillos |
| 25:43 | Investigar | Double-Bit Axe |
| 26:03 | Construir | Stone Wall |
| 26:27 | Construir | Siege Workshop |
| 26:34 | Construir | Mining Camp |
| 27:00 | Construir | Palisade Wall |
| 27:04 | Construir | Stone Wall |
| 27:11 | Crear | Mangonel |
| 27:30 | Construir | Lumber Camp |
| 28:05 | Construir | Town Center |
| 28:37 | Construir | Town Center |
| 28:45 | Construir | Outpost |
| 28:48 | Construir | Outpost |
| 28:57 | Crear | Villager (Male) |
| 28:57 | Crear | Villager (Male) |
| 29:00 | Construir | Farm |
| 29:12 | Construir | Mining Camp |
| 29:15 | Crear | Villager (Male) |
| 29:28 | Crear | Villager (Male) |
| 29:29 | Crear | Villager (Male) |
| 29:32 | Construir | Farm |
| 29:35 | Construir | Farm |
Build order — Alvaro
Primeras 150 de 245 acciones detectadas
| 0:01 | Crear | Villager (Male) |
| 0:01 | Crear | Villager (Male) |
| 0:01 | Crear | Villager (Male) |
| 0:03 | Construir | House |
| 0:04 | Construir | House |
| 0:21 | Crear | Villager (Male) |
| 0:21 | Crear | Villager (Male) |
| 1:30 | Crear | Villager (Male) |
| 1:31 | Crear | Villager (Male) |
| 2:01 | Crear | Villager (Male) |
| 2:01 | Crear | Villager (Male) |
| 2:12 | Construir | Lumber Camp |
| 2:24 | Crear | Villager (Male) |
| 2:24 | Crear | Villager (Male) |
| 2:45 | Crear | Villager (Male) |
| 2:45 | Crear | Villager (Male) |
| 3:07 | Crear | Villager (Male) |
| 3:07 | Crear | Villager (Male) |
| 3:56 | Crear | Villager (Male) ×2 |
| 3:56 | Crear | Villager (Male) ×2 |
| 3:57 | Crear | Villager (Male) |
| 4:29 | Crear | Villager (Male) |
| 4:30 | Crear | Villager (Male) |
| 4:51 | Investigar | Loom |
| 4:55 | Construir | House |
| 5:04 | Crear | Villager (Male) |
| 5:05 | Crear | Villager (Male) |
| 5:19 | Construir | Mill |
| 5:22 | Crear | Villager (Male) |
| 6:09 | Crear | Villager (Male) |
| 6:32 | Investigar | Loom |
| 6:44 | Construir | House |
| 7:31 | Crear | Villager (Male) |
| 8:04 | Crear | Villager (Male) |
| 8:18 | Investigar | Feudal Age |
| 9:09 | Construir | Lumber Camp |
| 10:10 | Construir | Mining Camp |
| 10:39 | Edad | Edad Feudal |
| 10:40 | Crear | Villager (Male) |
| 10:40 | Crear | Villager (Male) |
| 11:36 | Construir | Town Center |
| 11:45 | Construir | Palisade Wall |
| 11:48 | Construir | Palisade Wall |
| 11:50 | Construir | Palisade Wall |
| 11:54 | Construir | Palisade Wall |
| 12:00 | Construir | Palisade Wall |
| 12:23 | Construir | Palisade Wall |
| 12:24 | Construir | Palisade Wall |
| 12:47 | Crear | Villager (Male) |
| 12:49 | Crear | Villager (Male) |
| 12:49 | Crear | Villager (Male) |
| 13:09 | Construir | Farm |
| 13:09 | Construir | Farm |
| 13:09 | Construir | Farm |
| 13:10 | Construir | Farm |
| 13:10 | Construir | Farm |
| 13:16 | Construir | Farm |
| 13:23 | Construir | Farm |
| 13:37 | Construir | House |
| 13:38 | Construir | House |
| 14:06 | Crear | Villager (Male) |
| 14:40 | Crear | Villager (Male) |
| 14:57 | Construir | Watch Tower |
| 14:59 | Construir | Palisade Wall |
| 15:01 | Construir | Palisade Wall |
| 15:05 | Construir | Palisade Wall |
| 15:17 | Crear | Villager (Male) |
| 15:36 | Construir | Barracks |
| 15:37 | Crear | Villager (Male) |
| 15:55 | Crear | Villager (Male) |
| 16:06 | Construir | House |
| 16:27 | Construir | Market |
| 16:40 | Construir | Farm |
| 16:42 | Construir | Farm |
| 16:44 | Construir | Farm |
| 16:52 | Construir | Farm |
| 16:53 | Crear | Villager (Male) |
| 16:55 | Construir | Archery Range |
| 17:18 | Construir | Palisade Wall |
| 17:59 | Crear | Militia |
| 18:02 | Investigar | Man-at-Arms (upgrade) |
| 18:23 | Construir | Watch Tower |
| 18:28 | Construir | Blacksmith |
| 18:38 | Crear | Villager (Male) |
| 18:38 | Crear | Villager (Male) |
| 19:23 | Crear | Militia |
| 19:23 | Crear | Militia |
| 19:23 | Crear | Militia |
| 20:14 | Construir | Watch Tower |
| 21:18 | Crear | Spearman |
| 21:18 | Crear | Spearman |
| 22:01 | Construir | Watch Tower |
| 22:15 | Crear | Villager (Male) |
| 22:16 | Crear | Villager (Male) |
| 22:51 | Construir | Watch Tower |
| 23:09 | Construir | Market |
| 23:15 | Crear | Villager (Male) |
| 23:16 | Crear | Villager (Male) |
| 23:16 | Crear | Villager (Male) |
| 23:36 | Construir | Farm |
| 24:25 | Crear | Villager (Male) |
| 24:26 | Crear | Villager (Male) |
| 25:04 | Construir | Mill |
| 25:07 | Crear | Villager (Male) |
| 25:07 | Crear | Villager (Male) |
| 25:38 | Construir | Farm |
| 25:38 | Construir | Farm |
| 25:38 | Construir | Farm |
| 25:39 | Construir | Farm |
| 25:39 | Construir | Farm |
| 25:39 | Construir | Farm |
| 25:39 | Construir | Farm |
| 25:43 | Investigar | Horse Collar |
| 25:44 | Investigar | Double-Bit Axe |
| 25:50 | Construir | Farm |
| 26:14 | Construir | Farm |
| 26:15 | Crear | Villager (Male) |
| 26:15 | Crear | Villager (Male) |
| 26:20 | Construir | House |
| 26:21 | Construir | House |
| 26:22 | Construir | House |
| 26:22 | Construir | House |
| 26:33 | Crear | Spearman |
| 26:33 | Crear | Spearman |
| 27:34 | Crear | Villager (Male) |
| 27:37 | Crear | Spearman |
| 27:40 | Crear | Villager (Male) |
| 27:51 | Construir | Farm |
| 27:55 | Construir | Farm |
| 27:58 | Construir | Farm |
| 27:58 | Crear | Villager (Male) |
| 27:59 | Crear | Villager (Male) |
| 28:09 | Crear | Spearman |
| 28:21 | Construir | House |
| 28:22 | Construir | House |
| 28:28 | Construir | Farm |
| 28:30 | Construir | Farm |
| 28:32 | Crear | Villager (Male) |
| 28:33 | Crear | Villager (Male) |
| 28:50 | Crear | Spearman |
| 28:50 | Crear | Spearman |
| 28:55 | Crear | Villager (Male) |
| 28:55 | Crear | Villager (Male) |
| 29:04 | Crear | Villager (Male) |
| 29:04 | Crear | Villager (Male) |
| 29:08 | Investigar | Scale Mail Armor |
| 29:15 | Investigar | Forging |
| 29:21 | Crear | Villager (Male) |
| 29:27 | Construir | Farm |
| 29:34 | Construir | House |
Build order — LaochraGael
Primeras 150 de 573 acciones detectadas
| 0:00 | Crear | Villager (Male) |
| 0:00 | Crear | Villager (Male) |
| 0:00 | Crear | Villager (Male) |
| 0:01 | Crear | Villager (Male) |
| 0:01 | Crear | Villager (Male) |
| 0:02 | Construir | House |
| 0:03 | Construir | House |
| 1:23 | Crear | Villager (Male) |
| 1:52 | Construir | Lumber Camp |
| 2:00 | Crear | Villager (Male) |
| 2:00 | Crear | Villager (Male) |
| 2:13 | Crear | Villager (Male) |
| 2:44 | Crear | Villager (Male) |
| 2:44 | Crear | Villager (Male) |
| 2:59 | Crear | Villager (Male) |
| 3:31 | Crear | Villager (Male) |
| 3:49 | Construir | House |
| 4:07 | Crear | Villager (Male) |
| 4:19 | Crear | Villager (Male) |
| 4:28 | Construir | Dock |
| 4:53 | Crear | Villager (Male) |
| 4:53 | Crear | Villager (Male) |
| 5:04 | Construir | House |
| 5:29 | Crear | Villager (Male) |
| 5:37 | Crear | Villager (Male) |
| 6:02 | Crear | Villager (Male) |
| 6:05 | Crear | Fishing Ship |
| 6:25 | Crear | Villager (Male) |
| 6:40 | Crear | Fishing Ship |
| 6:59 | Construir | Mill |
| 7:17 | Crear | Villager (Male) |
| 7:50 | Crear | Villager (Male) |
| 7:55 | Construir | House |
| 8:05 | Crear | Villager (Male) |
| 8:14 | Crear | Fishing Ship |
| 8:27 | Crear | Villager (Male) |
| 8:49 | Crear | Villager (Male) |
| 9:06 | Construir | Mining Camp |
| 9:11 | Construir | Mining Camp |
| 9:13 | Crear | Villager (Male) |
| 9:40 | Investigar | Feudal Age |
| 10:09 | Construir | House |
| 10:55 | Crear | Villager (Male) |
| 10:55 | Crear | Villager (Male) |
| 11:57 | Edad | Edad Feudal |
| 11:59 | Construir | Blacksmith |
| 12:02 | Construir | Market |
| 12:08 | Crear | Fishing Ship |
| 12:30 | Investigar | Loom |
| 12:45 | Investigar | Double-Bit Axe |
| 12:50 | Investigar | Castle Age |
| 12:50 | Investigar | Castle Age |
| 13:33 | Construir | House |
| 13:33 | Crear | Villager (Male) |
| 13:38 | Crear | Fishing Ship |
| 13:47 | Construir | Fish Trap |
| 13:51 | Construir | House |
| 14:32 | Construir | Farm |
| 14:33 | Construir | Farm |
| 14:36 | Investigar | Horse Collar |
| 15:30 | Edad | Edad de los Castillos |
| 15:31 | Construir | Monastery |
| 15:32 | Construir | Siege Workshop |
| 15:33 | Crear | Villager (Male) |
| 15:35 | Investigar | Bow Saw |
| 15:39 | Construir | Farm |
| 15:39 | Construir | Farm |
| 15:53 | Crear | Villager (Male) |
| 16:14 | Crear | Monk |
| 16:15 | Crear | Mangonel |
| 16:17 | Construir | House |
| 16:38 | Crear | Villager (Male) |
| 16:41 | Construir | House |
| 16:44 | Crear | Monk |
| 16:47 | Construir | Fish Trap |
| 16:53 | Crear | Villager (Male) |
| 17:07 | Construir | Mining Camp |
| 17:12 | Crear | Villager (Male) |
| 17:20 | Construir | Fish Trap |
| 17:33 | Crear | Mangonel |
| 17:40 | Crear | Villager (Male) |
| 17:52 | Crear | Villager (Male) |
| 17:56 | Crear | Villager (Male) |
| 17:59 | Construir | Fish Trap |
| 18:06 | Construir | Fish Trap |
| 18:06 | Crear | Villager (Male) |
| 18:22 | Crear | Monk |
| 18:24 | Crear | Villager (Male) |
| 18:53 | Crear | Monk |
| 18:54 | Crear | Villager (Male) |
| 18:56 | Crear | Villager (Male) |
| 19:03 | Construir | Town Center |
| 19:08 | Crear | Villager (Male) |
| 19:29 | Construir | House |
| 19:47 | Construir | Farm |
| 19:51 | Construir | Town Center |
| 19:53 | Crear | Villager (Male) |
| 19:56 | Crear | Monk |
| 20:14 | Crear | Mangonel |
| 20:14 | Crear | Mangonel |
| 20:15 | Crear | Villager (Male) |
| 20:17 | Crear | Villager (Male) |
| 20:18 | Construir | Farm |
| 20:19 | Construir | Farm |
| 20:23 | Crear | Villager (Male) |
| 20:32 | Crear | Villager (Male) |
| 20:39 | Construir | Farm |
| 21:16 | Investigar | Redemption |
| 21:16 | Investigar | Redemption |
| 21:17 | Crear | Villager (Male) |
| 21:19 | Crear | Villager (Male) |
| 21:28 | Crear | Villager (Male) |
| 21:38 | Crear | Villager (Male) |
| 21:49 | Crear | Villager (Male) |
| 21:56 | Crear | Villager (Male) |
| 22:00 | Crear | Villager (Male) |
| 22:06 | Crear | Monk |
| 22:22 | Investigar | Fervor |
| 22:22 | Crear | Villager (Male) |
| 22:24 | Crear | Villager (Male) |
| 22:26 | Crear | Monk |
| 22:32 | Crear | Villager (Male) |
| 22:35 | Construir | Farm |
| 22:35 | Construir | Farm |
| 22:45 | Crear | Monk |
| 22:50 | Construir | Monastery |
| 22:52 | Construir | Farm |
| 22:59 | Crear | Villager (Male) |
| 22:59 | Crear | Villager (Male) |
| 22:59 | Crear | Villager (Male) |
| 23:01 | Construir | Farm |
| 23:01 | Construir | Farm |
| 23:02 | Construir | Farm |
| 23:02 | Construir | Farm |
| 23:02 | Construir | Farm |
| 23:02 | Construir | Farm |
| 23:09 | Investigar | Sanctity |
| 23:09 | Investigar | Sanctity |
| 23:10 | Crear | Villager (Male) |
| 23:10 | Crear | Monk |
| 23:17 | Crear | Villager (Male) |
| 23:24 | Crear | Monk |
| 23:25 | Crear | Villager (Male) |
| 23:34 | Construir | Farm |
| 23:35 | Construir | Farm |
| 23:35 | Construir | Farm |
| 23:35 | Construir | Farm |
| 23:35 | Construir | Farm |
| 23:35 | Construir | Farm |
| 23:36 | Construir | Farm |
Build order — GA_PureViolence
Primeras 150 de 373 acciones detectadas
| 0:02 | Crear | Villager (Male) ×4 |
| 0:02 | Crear | Villager (Male) ×4 |
| 0:03 | Construir | House |
| 0:05 | Construir | House |
| 1:02 | Crear | Villager (Male) |
| 1:02 | Crear | Villager (Male) |
| 1:03 | Crear | Villager (Male) |
| 1:31 | Crear | Villager (Male) |
| 1:31 | Crear | Villager (Male) |
| 1:49 | Construir | Lumber Camp |
| 2:01 | Crear | Villager (Male) |
| 2:01 | Crear | Villager (Male) |
| 2:02 | Crear | Villager (Male) |
| 2:28 | Crear | Villager (Male) |
| 2:59 | Crear | Villager (Male) |
| 2:59 | Crear | Villager (Male) |
| 3:19 | Crear | Villager (Male) |
| 3:19 | Crear | Villager (Male) |
| 3:42 | Crear | Villager (Male) |
| 3:42 | Crear | Villager (Male) |
| 3:50 | Construir | House |
| 4:15 | Crear | Villager (Male) |
| 4:15 | Crear | Villager (Male) |
| 4:15 | Crear | Villager (Male) |
| 4:56 | Crear | Villager (Male) |
| 5:17 | Crear | Villager (Male) |
| 5:17 | Crear | Villager (Male) |
| 5:44 | Crear | Villager (Male) |
| 5:54 | Construir | House |
| 6:11 | Crear | Villager (Male) |
| 6:38 | Construir | Mill |
| 7:30 | Construir | Dock |
| 7:33 | Crear | Villager (Male) |
| 7:34 | Crear | Villager (Male) |
| 8:02 | Construir | House |
| 8:19 | Construir | House |
| 8:22 | Crear | Fishing Ship |
| 8:22 | Crear | Fishing Ship |
| 8:49 | Investigar | Feudal Age |
| 8:54 | Construir | House |
| 9:08 | Crear | Villager (Male) |
| 9:32 | Crear | Fishing Ship |
| 9:57 | Crear | Fishing Ship |
| 10:41 | Crear | Villager (Male) |
| 10:41 | Crear | Villager (Male) |
| 10:45 | Crear | Fishing Ship |
| 10:59 | Edad | Edad Feudal |
| 11:05 | Investigar | Double-Bit Axe |
| 11:23 | Construir | Palisade Gate |
| 11:26 | Construir | Palisade Wall |
| 11:46 | Construir | Palisade Wall |
| 12:01 | Crear | Villager (Male) |
| 12:01 | Crear | Villager (Male) |
| 12:04 | Crear | Demolition Raft |
| 12:14 | Crear | Villager (Male) |
| 12:18 | Construir | House |
| 12:46 | Construir | House |
| 13:16 | Construir | Market |
| 13:19 | Construir | Blacksmith |
| 13:22 | Crear | Villager (Male) |
| 13:25 | Construir | Mining Camp |
| 13:31 | Crear | Villager (Male) |
| 14:04 | Construir | Farm |
| 14:04 | Construir | Farm |
| 14:05 | Construir | Farm |
| 14:05 | Construir | Farm |
| 14:05 | Construir | Farm |
| 14:07 | Construir | Farm |
| 14:38 | Construir | Farm |
| 14:38 | Construir | Farm |
| 14:40 | Investigar | Castle Age |
| 14:52 | Construir | House |
| 14:55 | Construir | House |
| 15:47 | Crear | Villager (Male) |
| 15:48 | Crear | Villager (Male) |
| 16:07 | Construir | Fish Trap |
| 16:21 | Construir | Fish Trap |
| 16:32 | Construir | Fish Trap |
| 16:36 | Crear | Demolition Raft |
| 16:36 | Crear | Demolition Raft |
| 16:38 | Construir | Fish Trap |
| 16:42 | Construir | Fish Trap |
| 16:50 | Investigar | Horse Collar |
| 16:53 | Crear | Villager (Male) |
| 17:09 | Crear | Demolition Raft |
| 17:14 | Crear | Fishing Ship |
| 17:15 | Crear | Fishing Ship |
| 17:20 | Edad | Edad de los Castillos |
| 17:51 | Construir | Barracks |
| 18:09 | Crear | Fishing Ship |
| 18:13 | Construir | Fish Trap |
| 18:28 | Construir | Siege Workshop |
| 18:45 | Construir | Fish Trap |
| 18:50 | Crear | Villager (Male) ×5 |
| 19:17 | Crear | Mangonel |
| 19:23 | Crear | Armored Elephant |
| 19:30 | Construir | House |
| 19:32 | Construir | House |
| 19:50 | Crear | Villager (Male) |
| 20:08 | Construir | Town Center |
| 20:26 | Crear | Armored Elephant |
| 20:38 | Construir | Stable |
| 20:50 | Crear | Spearman |
| 20:52 | Crear | Villager (Male) |
| 20:53 | Crear | Villager (Male) |
| 20:57 | Investigar | Forging |
| 21:31 | Crear | Scout Cavalry |
| 21:31 | Crear | Scout Cavalry |
| 21:36 | Construir | Stable |
| 21:50 | Crear | Spearman |
| 22:00 | Crear | Mangonel |
| 22:27 | Crear | Scout Cavalry |
| 22:27 | Crear | Scout Cavalry |
| 22:32 | Crear | Villager (Male) |
| 22:32 | Crear | Villager (Male) |
| 22:33 | Crear | Villager (Male) |
| 22:33 | Crear | Villager (Male) |
| 22:33 | Crear | Villager (Male) |
| 22:34 | Crear | Villager (Male) |
| 22:48 | Crear | Villager (Male) |
| 22:48 | Crear | Villager (Male) |
| 22:49 | Crear | Villager (Male) |
| 22:51 | Investigar | Wheelbarrow |
| 22:52 | Investigar | Loom |
| 22:52 | Crear | Villager (Male) |
| 23:01 | Construir | Town Center |
| 23:06 | Crear | Armored Elephant |
| 23:07 | Crear | Armored Elephant |
| 23:10 | Investigar | Scale Barding Armor |
| 23:18 | Construir | Palisade Gate |
| 23:20 | Construir | Palisade Wall |
| 23:23 | Crear | Mangonel |
| 24:01 | Crear | Villager (Male) |
| 24:01 | Crear | Villager (Male) |
| 24:01 | Crear | Villager (Male) |
| 24:01 | Crear | Villager (Male) |
| 24:04 | Construir | House |
| 24:05 | Construir | House |
| 24:06 | Construir | House |
| 24:07 | Construir | House |
| 24:11 | Investigar | Light Cavalry (upgrade) |
| 24:22 | Crear | Villager (Male) |
| 24:22 | Crear | Villager (Male) |
| 24:23 | Crear | Villager (Male) |
| 24:31 | Construir | Fish Trap |
| 24:34 | Investigar | Tech 906 |
| 24:40 | Crear | Fishing Ship |
| 24:40 | Crear | Fishing Ship |
| 24:41 | Crear | Fishing Ship |
| 24:43 | Crear | Villager (Male) |
Build order — Madbun
Primeras 150 de 353 acciones detectadas
| 0:02 | Crear | Villager (Male) |
| 0:03 | Crear | Villager (Male) |
| 0:04 | Construir | House |
| 0:06 | Construir | House |
| 0:06 | Crear | Villager (Male) |
| 0:07 | Crear | Villager (Male) |
| 1:31 | Crear | Villager (Male) |
| 1:31 | Crear | Villager (Male) |
| 2:13 | Crear | Villager (Male) |
| 2:13 | Crear | Villager (Male) |
| 2:13 | Investigar | Loom |
| 2:49 | Crear | Villager (Male) |
| 2:49 | Crear | Villager (Male) |
| 3:21 | Crear | Villager (Male) |
| 3:21 | Crear | Villager (Male) |
| 3:22 | Crear | Villager (Male) |
| 4:06 | Crear | Villager (Male) |
| 4:06 | Crear | Villager (Male) |
| 4:44 | Crear | Villager (Male) |
| 4:45 | Crear | Villager (Male) |
| 5:05 | Crear | Villager (Male) |
| 5:05 | Crear | Villager (Male) |
| 5:58 | Crear | Villager (Male) |
| 6:37 | Construir | Palisade Gate |
| 6:59 | Construir | Lumber Camp |
| 7:04 | Crear | Villager (Male) |
| 7:04 | Crear | Villager (Male) |
| 7:04 | Crear | Villager (Male) |
| 7:04 | Crear | Villager (Male) |
| 7:04 | Crear | Villager (Male) |
| 7:41 | Crear | Villager (Male) |
| 7:57 | Construir | House |
| 7:58 | Construir | House |
| 8:12 | Crear | Villager (Male) |
| 8:12 | Crear | Villager (Male) |
| 8:23 | Construir | Outpost |
| 9:22 | Construir | House |
| 9:24 | Construir | House |
| 9:30 | Construir | Palisade Wall |
| 9:35 | Construir | Palisade Wall |
| 9:38 | Construir | Palisade Wall |
| 9:41 | Construir | Palisade Wall |
| 9:42 | Construir | Palisade Wall |
| 9:52 | Crear | Villager (Male) |
| 9:53 | Crear | Villager (Male) |
| 9:53 | Crear | Villager (Male) |
| 9:53 | Crear | Villager (Male) |
| 9:53 | Crear | Villager (Male) |
| 10:10 | Construir | Mill |
| 10:18 | Crear | Villager (Male) |
| 10:18 | Crear | Villager (Male) |
| 11:02 | Crear | Villager (Male) |
| 11:10 | Construir | Palisade Wall |
| 11:38 | Construir | Palisade Wall |
| 11:40 | Construir | Palisade Wall |
| 11:43 | Construir | Palisade Wall |
| 12:06 | Construir | House |
| 12:07 | Construir | House |
| 12:48 | Investigar | Feudal Age |
| 13:00 | Construir | Mining Camp |
| 13:45 | Construir | Lumber Camp |
| 14:07 | Construir | Palisade Wall |
| 15:00 | Edad | Edad Feudal |
| 15:06 | Crear | Villager (Male) |
| 15:08 | Crear | Villager (Male) |
| 15:09 | Crear | Villager (Male) |
| 15:09 | Crear | Villager (Male) |
| 15:20 | Construir | Market |
| 15:21 | Construir | Blacksmith |
| 15:24 | Crear | Villager (Male) |
| 15:34 | Construir | Farm |
| 15:41 | Investigar | Double-Bit Axe |
| 15:56 | Construir | Farm |
| 16:00 | Construir | Farm |
| 16:02 | Construir | Farm |
| 16:11 | Construir | Stone Wall |
| 16:14 | Construir | Stone Wall |
| 16:18 | Construir | Stone Wall |
| 16:24 | Construir | Stone Wall |
| 16:31 | Crear | Villager (Male) |
| 16:38 | Construir | Farm |
| 16:39 | Construir | Farm |
| 16:40 | Construir | Farm |
| 17:00 | Construir | Farm |
| 17:20 | Construir | Farm |
| 17:31 | Crear | Villager (Male) |
| 17:46 | Construir | Mining Camp |
| 17:49 | Crear | Villager (Male) |
| 17:53 | Investigar | Horse Collar |
| 17:53 | Investigar | Horse Collar |
| 17:59 | Investigar | Wheelbarrow |
| 18:05 | Construir | Farm |
| 18:10 | Construir | Farm |
| 18:12 | Crear | Villager (Male) |
| 18:28 | Construir | Outpost |
| 18:32 | Crear | Villager (Male) |
| 18:36 | Construir | Farm |
| 18:38 | Construir | Farm |
| 18:41 | Crear | Villager (Male) |
| 18:48 | Construir | House |
| 18:49 | Construir | House |
| 18:50 | Construir | House |
| 18:55 | Investigar | Town Watch |
| 18:59 | Crear | Villager (Male) |
| 19:19 | Construir | Mill |
| 19:27 | Construir | Mill |
| 19:28 | Crear | Villager (Male) |
| 19:32 | Construir | Farm |
| 19:32 | Construir | Farm |
| 19:33 | Construir | Farm |
| 19:48 | Construir | Farm |
| 19:53 | Construir | Farm |
| 20:15 | Crear | Villager (Male) |
| 20:30 | Crear | Villager (Male) |
| 20:53 | Investigar | Castle Age |
| 21:11 | Investigar | Stone Mining |
| 21:49 | Construir | Stone Wall |
| 21:52 | Construir | Stone Wall |
| 21:54 | Crear | Villager (Male) |
| 21:55 | Crear | Villager (Male) |
| 22:08 | Crear | Villager (Male) |
| 22:33 | Investigar | Fletching |
| 22:36 | Crear | Villager (Male) |
| 22:36 | Crear | Villager (Male) |
| 23:16 | Crear | Villager (Male) |
| 23:17 | Crear | Villager (Male) |
| 23:37 | Edad | Edad de los Castillos |
| 23:39 | Construir | Town Center |
| 23:48 | Construir | Stone Wall |
| 23:59 | Construir | Stone Wall |
| 24:00 | Construir | Stone Wall |
| 24:05 | Crear | Villager (Male) |
| 24:13 | Construir | Town Center |
| 24:27 | Construir | Gate |
| 24:56 | Investigar | Heavy Plow |
| 25:29 | Construir | Castle |
| 25:40 | Construir | Siege Workshop |
| 26:03 | Construir | Gate |
| 26:06 | Crear | Villager (Male) |
| 26:07 | Crear | Villager (Male) |
| 26:07 | Crear | Villager (Male) |
| 26:08 | Crear | Villager (Male) |
| 26:08 | Crear | Villager (Male) |
| 26:08 | Crear | Villager (Male) |
| 26:18 | Construir | Farm |
| 26:18 | Construir | Farm |
| 26:18 | Construir | Farm |
| 26:18 | Construir | Farm |
| 26:18 | Construir | Farm |
| 26:19 | Construir | Farm |
Build order — uku_
Primeras 150 de 362 acciones detectadas
| 0:04 | Crear | Villager (Male) |
| 0:04 | Crear | Villager (Male) |
| 0:04 | Crear | Villager (Male) |
| 0:04 | Crear | Villager (Male) |
| 0:05 | Crear | Villager (Male) |
| 0:07 | Construir | House |
| 0:08 | Construir | House |
| 0:43 | Investigar | Loom |
| 0:51 | Construir | Palisade Wall |
| 0:57 | Construir | Palisade Wall |
| 1:00 | Crear | Villager (Male) |
| 1:00 | Crear | Villager (Male) |
| 1:00 | Crear | Villager (Male) |
| 1:41 | Construir | Palisade Wall |
| 1:44 | Construir | Palisade Wall |
| 2:03 | Construir | Palisade Wall |
| 2:11 | Construir | Palisade Wall |
| 3:06 | Construir | Palisade Wall |
| 3:07 | Construir | Palisade Wall |
| 3:09 | Construir | Palisade Wall |
| 3:44 | Construir | Palisade Wall |
| 4:23 | Construir | Palisade Gate |
| 4:56 | Crear | Villager (Male) |
| 4:56 | Crear | Villager (Male) |
| 4:56 | Crear | Villager (Male) |
| 5:03 | Construir | Palisade Wall |
| 6:15 | Crear | Villager (Male) |
| 6:19 | Construir | House |
| 6:33 | Crear | Villager (Male) |
| 6:33 | Crear | Villager (Male) |
| 6:47 | Construir | Palisade Wall |
| 7:00 | Crear | Villager (Male) |
| 7:00 | Crear | Villager (Male) |
| 7:00 | Crear | Villager (Male) |
| 7:08 | Construir | House |
| 7:31 | Crear | Villager (Male) |
| 7:31 | Crear | Villager (Male) |
| 7:31 | Crear | Villager (Male) |
| 8:13 | Crear | Villager (Male) |
| 8:13 | Crear | Villager (Male) |
| 8:35 | Construir | Palisade Wall |
| 8:42 | Crear | Villager (Male) |
| 9:12 | Crear | Villager (Male) |
| 9:12 | Crear | Villager (Male) |
| 9:14 | Crear | Villager (Male) |
| 9:14 | Crear | Villager (Male) |
| 10:01 | Crear | Villager (Male) |
| 10:02 | Crear | Villager (Male) |
| 10:10 | Construir | House |
| 10:21 | Construir | Lumber Camp |
| 10:29 | Crear | Villager (Male) |
| 10:29 | Crear | Villager (Male) |
| 10:49 | Crear | Villager (Male) |
| 10:49 | Crear | Villager (Male) |
| 11:13 | Construir | House |
| 11:31 | Crear | Villager (Male) |
| 11:49 | Crear | Villager (Male) |
| 12:27 | Construir | House |
| 13:01 | Construir | Mining Camp |
| 13:17 | Crear | Villager (Male) |
| 13:31 | Construir | House |
| 13:49 | Crear | Villager (Male) |
| 13:49 | Crear | Villager (Male) |
| 13:51 | Construir | House |
| 14:10 | Construir | Mill |
| 14:35 | Construir | House |
| 14:48 | Crear | Villager (Male) |
| 15:03 | Investigar | Feudal Age |
| 15:03 | Investigar | Feudal Age |
| 15:24 | Construir | Dock |
| 17:13 | Crear | Villager (Male) |
| 17:23 | Edad | Edad Feudal |
| 17:34 | Construir | Market |
| 17:36 | Construir | Blacksmith |
| 17:43 | Construir | Market |
| 17:48 | Crear | Villager (Male) |
| 18:01 | Crear | Fishing Ship |
| 18:34 | Investigar | Castle Age |
| 18:46 | Construir | Stone Wall |
| 18:49 | Construir | Stone Wall |
| 19:05 | Investigar | Double-Bit Axe |
| 19:09 | Investigar | Horse Collar |
| 19:28 | Construir | House |
| 19:45 | Crear | Villager (Male) |
| 20:25 | Crear | Fishing Ship |
| 20:48 | Construir | Stone Wall |
| 21:08 | Investigar | Scale Mail Armor |
| 21:08 | Investigar | Forging |
| 21:13 | Construir | Barracks |
| 21:13 | Edad | Edad de los Castillos |
| 21:20 | Construir | Castle |
| 21:25 | Construir | Farm |
| 21:25 | Construir | Farm |
| 21:30 | Crear | Fishing Ship |
| 21:44 | Crear | Villager (Male) |
| 21:50 | Construir | Siege Workshop |
| 22:02 | Construir | Monastery |
| 22:09 | Crear | Villager (Male) |
| 22:17 | Construir | House |
| 22:18 | Construir | House |
| 22:28 | Crear | Villager (Male) |
| 22:38 | Construir | Mill |
| 22:50 | Construir | Farm |
| 23:12 | Crear | Obuch |
| 23:12 | Crear | Obuch |
| 23:18 | Crear | Villager (Male) |
| 23:18 | Crear | Villager (Male) |
| 23:21 | Construir | Farm |
| 23:26 | Construir | Farm |
| 23:30 | Crear | Villager (Male) |
| 23:31 | Crear | Monk |
| 23:41 | Construir | Mining Camp |
| 23:45 | Construir | House |
| 23:50 | Construir | Farm |
| 24:03 | Crear | Villager (Male) |
| 24:19 | Construir | House |
| 24:21 | Construir | House |
| 24:39 | Crear | Obuch |
| 24:39 | Crear | Obuch |
| 24:47 | Crear | Battering Ram |
| 24:53 | Crear | Villager (Male) |
| 24:53 | Crear | Villager (Male) |
| 24:53 | Crear | Villager (Male) |
| 25:14 | Construir | Mill |
| 25:15 | Construir | Farm |
| 25:16 | Construir | Farm |
| 25:16 | Construir | Farm |
| 25:18 | Crear | Villager (Male) |
| 25:18 | Crear | Villager (Male) |
| 25:18 | Crear | Villager (Male) |
| 25:19 | Crear | Villager (Male) |
| 25:21 | Construir | Outpost |
| 25:47 | Crear | Villager (Male) |
| 25:52 | Construir | Fish Trap |
| 26:00 | Crear | Villager (Male) |
| 26:00 | Crear | Villager (Male) |
| 26:21 | Construir | Fish Trap |
| 26:27 | Crear | Villager (Male) |
| 26:34 | Construir | Fish Trap |
| 26:44 | Crear | Obuch |
| 26:44 | Crear | Obuch |
| 26:57 | Construir | House |
| 26:58 | Construir | House |
| 27:07 | Construir | Lumber Camp |
| 27:20 | Crear | Obuch |
| 27:20 | Crear | Obuch |
| 27:31 | Crear | Battering Ram |
| 27:33 | Crear | Obuch |
| 27:33 | Crear | Obuch |
| 27:36 | Crear | Villager (Male) |
Build order — Katnip
Primeras 150 de 328 acciones detectadas
| 0:01 | Crear | Villager (Male) ×5 |
| 0:02 | Construir | House |
| 0:04 | Construir | House |
| 1:17 | Crear | Villager (Male) |
| 1:17 | Crear | Villager (Male) |
| 1:40 | Construir | Lumber Camp |
| 1:43 | Crear | Villager (Male) |
| 1:44 | Crear | Villager (Male) |
| 2:20 | Crear | Villager (Male) |
| 2:20 | Crear | Villager (Male) |
| 2:50 | Crear | Villager (Male) |
| 2:50 | Crear | Villager (Male) |
| 3:06 | Construir | House |
| 3:07 | Construir | House |
| 3:31 | Crear | Villager (Male) |
| 3:32 | Crear | Villager (Male) |
| 3:50 | Investigar | Loom |
| 3:55 | Crear | Villager (Male) |
| 3:55 | Crear | Villager (Male) |
| 4:07 | Construir | Palisade Wall |
| 4:21 | Crear | Villager (Male) |
| 4:21 | Crear | Villager (Male) |
| 4:21 | Crear | Villager (Male) |
| 4:58 | Crear | Villager (Male) |
| 4:58 | Crear | Villager (Male) |
| 5:15 | Crear | Villager (Male) |
| 5:15 | Crear | Villager (Male) |
| 5:36 | Crear | Villager (Male) |
| 5:36 | Crear | Villager (Male) |
| 5:44 | Crear | Villager (Male) |
| 6:13 | Construir | Dock |
| 6:31 | Construir | Palisade Wall |
| 6:35 | Crear | Villager (Male) |
| 6:35 | Crear | Villager (Male) |
| 6:42 | Construir | House |
| 6:57 | Crear | Fishing Ship |
| 6:57 | Crear | Fishing Ship |
| 7:35 | Crear | Villager (Male) |
| 7:35 | Crear | Villager (Male) |
| 8:07 | Crear | Villager (Male) |
| 8:16 | Construir | Palisade Wall |
| 8:22 | Construir | Palisade Wall |
| 8:29 | Construir | Palisade Wall |
| 9:09 | Investigar | Feudal Age |
| 9:16 | Crear | Fishing Ship |
| 9:17 | Crear | Fishing Ship |
| 9:24 | Construir | House |
| 9:44 | Construir | Mining Camp |
| 9:59 | Crear | Villager (Male) |
| 9:59 | Crear | Villager (Male) |
| 10:45 | Construir | Lumber Camp |
| 10:55 | Construir | Mill |
| 11:12 | Edad | Edad Feudal |
| 11:14 | Construir | Stone Wall |
| 11:20 | Construir | Blacksmith |
| 11:48 | Construir | Fish Trap |
| 11:49 | Crear | Villager (Male) |
| 12:06 | Investigar | Double-Bit Axe |
| 12:11 | Crear | Villager (Male) |
| 12:16 | Construir | Market |
| 12:24 | Construir | House |
| 12:26 | Crear | Fishing Ship |
| 12:43 | Crear | Villager (Male) |
| 12:57 | Construir | Stone Wall |
| 13:03 | Construir | House |
| 13:05 | Crear | Villager (Male) |
| 13:14 | Construir | Fish Trap |
| 13:17 | Construir | Fish Trap |
| 13:38 | Crear | Villager (Male) |
| 13:39 | Crear | Villager (Male) |
| 13:40 | Crear | Fishing Ship |
| 13:41 | Crear | Fishing Ship |
| 13:48 | Construir | House |
| 13:55 | Construir | Fish Trap |
| 14:08 | Crear | Villager (Male) |
| 14:29 | Construir | Dock |
| 14:33 | Construir | Dock |
| 14:38 | Crear | Villager (Male) |
| 14:50 | Crear | Fishing Ship |
| 15:02 | Construir | Fish Trap |
| 15:10 | Crear | Villager (Male) |
| 15:30 | Investigar | Tech 906 |
| 15:31 | Construir | House |
| 15:33 | Crear | Fishing Ship |
| 15:43 | Investigar | Castle Age |
| 15:49 | Construir | Lumber Camp |
| 16:00 | Investigar | Horse Collar |
| 16:07 | Construir | House |
| 16:24 | Construir | Dock |
| 16:30 | Construir | Fish Trap |
| 16:35 | Construir | Fish Trap |
| 16:41 | Construir | House |
| 16:53 | Construir | Fish Trap |
| 17:02 | Investigar | Wheelbarrow |
| 17:06 | Crear | Fishing Ship |
| 17:07 | Crear | Fishing Ship |
| 17:08 | Crear | Fishing Ship |
| 17:08 | Crear | Fishing Ship |
| 17:18 | Construir | House |
| 17:25 | Construir | House |
| 17:33 | Construir | Fish Trap |
| 17:41 | Crear | Fishing Ship |
| 17:41 | Crear | Fishing Ship |
| 17:43 | Crear | Villager (Male) |
| 17:43 | Crear | Villager (Male) |
| 18:08 | Edad | Edad de los Castillos |
| 18:13 | Construir | Town Center |
| 18:16 | Investigar | Bow Saw |
| 18:25 | Construir | Fish Trap |
| 18:32 | Crear | Villager (Male) |
| 18:32 | Crear | Villager (Male) |
| 18:33 | Crear | Villager (Male) |
| 18:33 | Crear | Villager (Male) |
| 18:44 | Investigar | Gillnets |
| 18:57 | Construir | Mining Camp |
| 19:08 | Construir | Fish Trap |
| 19:26 | Construir | Fish Trap |
| 19:29 | Crear | Villager (Male) ×5 |
| 19:37 | Construir | Lumber Camp |
| 19:47 | Construir | Fish Trap |
| 19:55 | Construir | Farm |
| 20:01 | Crear | Fishing Ship |
| 20:02 | Crear | Fishing Ship |
| 20:04 | Crear | Fishing Ship |
| 20:04 | Crear | Fishing Ship |
| 20:20 | Crear | Villager (Male) |
| 20:20 | Crear | Fishing Ship |
| 20:30 | Construir | Town Center |
| 20:45 | Construir | House |
| 20:50 | Construir | Fish Trap |
| 20:53 | Crear | Fishing Ship |
| 20:53 | Crear | Fishing Ship |
| 20:56 | Crear | Villager (Male) ×5 |
| 20:58 | Crear | Fishing Ship |
| 21:05 | Construir | Fish Trap |
| 21:09 | Construir | Fish Trap |
| 21:16 | Crear | Villager (Male) |
| 21:28 | Crear | Villager (Male) |
| 21:35 | Construir | Fish Trap |
| 21:39 | Construir | Fish Trap |
| 21:43 | Construir | Fish Trap |
| 21:46 | Crear | Fishing Ship |
| 21:46 | Crear | Fishing Ship |
| 21:46 | Crear | Fishing Ship |
| 21:47 | Crear | Fishing Ship |
| 21:49 | Crear | Villager (Male) ×5 |
| 21:51 | Crear | Villager (Male) |
| 21:52 | Crear | Villager (Male) |
| 22:02 | Construir | Monastery |
| 22:08 | Construir | House |
Cronología de la partida
| 0:40 | ChuckieMagnets · wall_segment Palisade Wall x9 |
| 0:51 | uku_ · wall_segment Palisade Wall x10 |
| 0:57 | uku_ · wall_segment Palisade Wall x9 |
| 1:41 | uku_ · wall_segment Palisade Wall x5 |
| 1:44 | uku_ · wall_segment Palisade Wall x11 |
| 2:03 | uku_ · wall_segment Palisade Wall x1 |
| 2:11 | uku_ · wall_segment Palisade Wall x6 |
| 3:06 | uku_ · wall_segment Palisade Wall x1 |
| 3:07 | uku_ · wall_segment Palisade Wall x1 |
| 3:09 | uku_ · wall_segment Palisade Wall x1 |
| 3:44 | uku_ · wall_segment Palisade Wall x6 |
| 3:51 | ChuckieMagnets · wall_segment Palisade Wall x1 |
| 4:07 | Katnip · wall_segment Palisade Wall x13 |
| 4:19 | ChuckieMagnets · wall_segment Palisade Wall x2 |
| 4:25 | damiansima · first_building Dock |
| 4:28 | LaochraGael · first_building Dock |
| 5:03 | uku_ · wall_segment Palisade Wall x1 |
| 6:13 | Katnip · first_building Dock |
| 6:28 | ChuckieMagnets · wall_segment Palisade Wall x1 |
| 6:31 | Katnip · wall_segment Palisade Wall x10 |
| 6:47 | uku_ · wall_segment Palisade Wall x1 |
| 7:30 | GA_PureViolence · first_building Dock |
| 8:16 | Katnip · wall_segment Palisade Wall x1 |
| 8:22 | Katnip · wall_segment Palisade Wall x1 |
| 8:29 | Katnip · wall_segment Palisade Wall x1 |
| 8:35 | uku_ · wall_segment Palisade Wall x1 |
| 8:49 | ChuckieMagnets · wall_segment Palisade Wall x1 |
| 8:50 | ChuckieMagnets · wall_segment Palisade Wall x1 |
| 8:50 | ChuckieMagnets · wall_segment Palisade Wall x1 |
| 8:51 | ChuckieMagnets · wall_segment Palisade Wall x1 |
| 8:52 | ChuckieMagnets · wall_segment Palisade Wall x1 |
| 8:52 | ChuckieMagnets · wall_segment Palisade Wall x1 |
| 9:30 | Madbun · wall_segment Palisade Wall x1 |
| 9:35 | Madbun · wall_segment Palisade Wall x1 |
| 9:38 | Madbun · wall_segment Palisade Wall x1 |
| 9:41 | Madbun · wall_segment Palisade Wall x1 |
| 9:42 | Madbun · wall_segment Palisade Wall x1 |
| 10:18 | ChuckieMagnets · wall_segment Palisade Wall x7 |
| 10:39 | Alvaro · age_up feudal |
| 10:43 | ChuckieMagnets · wall_segment Palisade Wall x2 |
| 10:45 | ChuckieMagnets · wall_segment Palisade Wall x9 |
| 10:54 | ChuckieMagnets · wall_segment Palisade Wall x3 |
| 10:59 | GA_PureViolence · age_up feudal |
| 11:10 | Madbun · wall_segment Palisade Wall x1 |
| 11:12 | Katnip · age_up feudal |
| 11:14 | Katnip · wall_segment Stone Wall x1 |
| 11:26 | GA_PureViolence · wall_segment Palisade Wall x12 |
| 11:27 | ChuckieMagnets · wall_segment Palisade Wall x6 |
| 11:38 | Madbun · wall_segment Palisade Wall x7 |
| 11:40 | Madbun · wall_segment Palisade Wall x10 |
| 11:43 | Madbun · wall_segment Palisade Wall x1 |
| 11:45 | Alvaro · wall_segment Palisade Wall x1 |
| 11:46 | GA_PureViolence · wall_segment Palisade Wall x4 |
| 11:48 | Alvaro · wall_segment Palisade Wall x1 |
| 11:50 | Alvaro · wall_segment Palisade Wall x1 |
| 11:54 | Alvaro · wall_segment Palisade Wall x1 |
| 11:56 | ChuckieMagnets · wall_segment Palisade Wall x8 |
| 11:57 | LaochraGael · age_up feudal |
| 12:00 | Alvaro · wall_segment Palisade Wall x1 |
| 12:23 | Alvaro · wall_segment Palisade Wall x1 |
| 12:24 | Alvaro · wall_segment Palisade Wall x1 |
| 12:44 | damiansima · age_up feudal |
| 12:53 | ChuckieMagnets · wall_segment Palisade Wall x4 |
| 12:57 | Katnip · wall_segment Stone Wall x11 |
| 13:12 | ChuckieMagnets · wall_segment Palisade Wall x6 |
| 13:18 | ChuckieMagnets · wall_segment Palisade Wall x2 |
| 13:21 | ChuckieMagnets · wall_segment Palisade Wall x16 |
| 13:39 | ChuckieMagnets · wall_segment Palisade Wall x7 |
| 13:43 | ChuckieMagnets · wall_segment Palisade Wall x5 |
| 14:07 | Madbun · wall_segment Palisade Wall x6 |
| 14:07 | ChuckieMagnets · wall_segment Palisade Wall x7 |
| 14:12 | GA_PureViolence · first_market_sell 100 wood |
| 14:18 | ChuckieMagnets · wall_segment Palisade Wall x1 |
| 14:19 | ChuckieMagnets · wall_segment Palisade Wall x1 |
| 14:19 | ChuckieMagnets · wall_segment Palisade Wall x1 |
| 14:31 | ChuckieMagnets · wall_segment Palisade Wall x7 |
| 14:45 | Katnip · first_market_sell 100 wood |
| 14:46 | Katnip · first_market_buy 100 food |
| 14:59 | Alvaro · wall_segment Palisade Wall x1 |
| 15:00 | Madbun · age_up feudal |
| 15:01 | Alvaro · wall_segment Palisade Wall x1 |
| 15:05 | Alvaro · wall_segment Palisade Wall x1 |
| 15:24 | uku_ · first_building Dock |
| 15:30 | LaochraGael · age_up castle |
| 15:31 | LaochraGael · first_building Monastery |
| 15:32 | LaochraGael · first_building Siege Workshop |
| 15:36 | Alvaro · first_building Barracks |
| 15:37 | ChuckieMagnets · wall_segment Palisade Wall x7 |
| 16:11 | Madbun · wall_segment Stone Wall x1 |
| 16:12 | LaochraGael · first_market_buy 100 wood |
| 16:14 | Madbun · wall_segment Stone Wall x8 |
| 16:18 | ChuckieMagnets · wall_segment Palisade Wall x12 |
| 16:18 | Madbun · wall_segment Stone Wall x9 |
| 16:24 | Madbun · wall_segment Stone Wall x7 |
| 16:32 | ChuckieMagnets · wall_segment Palisade Wall x7 |
| 16:49 | ChuckieMagnets · wall_segment Palisade Wall x15 |
| 16:55 | Alvaro · first_building Archery Range |
| 17:08 | ChuckieMagnets · wall_segment Palisade Wall x3 |
| 17:17 | LaochraGael · first_market_sell 100 food |
| 17:18 | Alvaro · wall_segment Palisade Wall x8 |
| 17:18 | damiansima · age_up castle |
| 17:20 | GA_PureViolence · age_up castle |
| 17:23 | uku_ · age_up feudal |
| 17:51 | GA_PureViolence · first_building Barracks |
| 18:08 | Katnip · age_up castle |
| 18:28 | GA_PureViolence · first_building Siege Workshop |
| 18:37 | ChuckieMagnets · wall_segment Palisade Wall x1 |
| 18:40 | ChuckieMagnets · wall_segment Palisade Wall x12 |
| 18:46 | uku_ · wall_segment Stone Wall x2 |
| 18:49 | uku_ · wall_segment Stone Wall x7 |
| 19:41 | ChuckieMagnets · age_up feudal |
| 19:41 | damiansima · first_building Monastery |
| 19:49 | ChuckieMagnets · wall_segment Stone Wall x15 |
| 19:56 | ChuckieMagnets · wall_segment Stone Wall x7 |
| 20:26 | ChuckieMagnets · wall_segment Stone Wall x1 |
| 20:38 | GA_PureViolence · first_building Stable |
| 20:48 | uku_ · wall_segment Stone Wall x8 |
| 20:52 | ChuckieMagnets · wall_segment Stone Wall x5 |
| 21:05 | ChuckieMagnets · wall_segment Stone Wall x13 |
| 21:13 | uku_ · first_building Barracks |
| 21:13 | uku_ · age_up castle |
| 21:20 | uku_ · first_building Castle |
| 21:40 | ChuckieMagnets · wall_segment Stone Wall x6 |
| 21:48 | damiansima · first_building Stable |
| 21:49 | Madbun · wall_segment Stone Wall x4 |
| 21:50 | uku_ · first_building Siege Workshop |
| 21:52 | Madbun · wall_segment Stone Wall x10 |
| 22:02 | uku_ · first_building Monastery |
| 22:02 | Katnip · first_building Monastery |
| 22:04 | damiansima · first_market_buy 100 stone |
| 22:31 | ChuckieMagnets · first_market_sell 100 wood |
| 23:20 | GA_PureViolence · wall_segment Palisade Wall x10 |
| 23:37 | Madbun · age_up castle |
| 23:44 | LaochraGael · first_building Barracks |
| 23:48 | Madbun · wall_segment Stone Wall x6 |
| 23:59 | Madbun · wall_segment Stone Wall x1 |
| 24:00 | Madbun · wall_segment Stone Wall x1 |
| 24:02 | ChuckieMagnets · wall_segment Stone Wall x6 |
| 24:19 | ChuckieMagnets · wall_segment Stone Wall x1 |
| 24:22 | ChuckieMagnets · wall_segment Stone Wall x6 |
| 24:40 | LaochraGael · first_building Stable |
| 24:44 | damiansima · first_building Siege Workshop |
| 24:49 | ChuckieMagnets · wall_segment Stone Wall x6 |
| 24:54 | ChuckieMagnets · wall_segment Stone Wall x6 |
| 25:05 | ChuckieMagnets · wall_segment Stone Wall x1 |
| 25:06 | ChuckieMagnets · wall_segment Stone Wall x1 |
| 25:22 | LaochraGael · wall_segment Palisade Wall x1 |
| 25:23 | LaochraGael · wall_segment Palisade Wall x1 |
| 25:28 | ChuckieMagnets · age_up castle |
| 25:29 | Madbun · first_building Castle |
| 25:40 | Madbun · first_building Siege Workshop |
| 26:03 | ChuckieMagnets · wall_segment Stone Wall x5 |
| 26:27 | ChuckieMagnets · first_building Siege Workshop |
| 27:00 | ChuckieMagnets · wall_segment Palisade Wall x7 |
| 27:04 | ChuckieMagnets · wall_segment Stone Wall x7 |
| 27:07 | Madbun · wall_segment Stone Wall x6 |
| 27:09 | Katnip · first_building Castle |
| 27:15 | Madbun · wall_segment Stone Wall x1 |
| 27:26 | uku_ · first_market_sell 100 stone |
| 27:27 | uku_ · first_market_buy 100 food |
| 27:54 | Madbun · wall_segment Stone Wall x1 |
| 28:26 | Katnip · first_building Barracks |
| 29:03 | Katnip · first_building Stable |
| 30:26 | LaochraGael · first_building Archery Range |
| 30:58 | damiansima · first_building Castle |
| 31:05 | Katnip · age_up imperial |
| 31:17 | Alvaro · first_market_sell 500 wood |
| 31:19 | damiansima · age_up imperial |
| 33:12 | Madbun · first_building Barracks |
| 33:36 | GA_PureViolence · first_building Castle |
| 33:47 | GA_PureViolence · wall_segment Palisade Wall x1 |
| 33:50 | GA_PureViolence · wall_segment Palisade Wall x1 |
| 34:03 | LaochraGael · age_up imperial |
| 34:28 | Madbun · age_up imperial |
| 34:28 | GA_PureViolence · wall_segment Stone Wall x12 |
| 34:32 | LaochraGael · wall_segment Palisade Wall x1 |
| 34:54 | Alvaro · age_up castle |
| 35:16 | Alvaro · first_building Castle |
| 35:25 | GA_PureViolence · wall_segment Stone Wall x1 |
| 35:26 | GA_PureViolence · wall_segment Stone Wall x1 |
| 36:33 | ChuckieMagnets · wall_segment Stone Wall x2 |
| 36:36 | LaochraGael · first_building Castle |
| 36:36 | ChuckieMagnets · wall_segment Stone Wall x2 |
| 37:11 | GA_PureViolence · wall_segment Stone Wall x1 |
| 37:17 | GA_PureViolence · wall_segment Stone Wall x4 |
| 37:19 | Katnip · tribute_sent a jugador 1 |
| 37:19 | Katnip · tribute_sent a jugador 2 |
| 37:19 | Katnip · tribute_sent a jugador 3 |
| 37:19 | Katnip · tribute_sent a jugador 4 |
| 37:19 | Katnip · tribute_sent a jugador 5 |
| 37:19 | Katnip · tribute_sent a jugador 6 |
| 37:19 | Katnip · tribute_sent a jugador 7 |
| 37:22 | GA_PureViolence · wall_segment Stone Wall x1 |
| 37:26 | ChuckieMagnets · wall_segment Stone Wall x3 |
| 37:50 | Alvaro · first_building Siege Workshop |
| 38:02 | GA_PureViolence · age_up imperial |
| 38:10 | ChuckieMagnets · first_building Castle |
| 38:40 | Madbun · first_market_sell 500 food |
| 38:42 | damiansima · wall_segment Palisade Wall x1 |
| 38:43 | ChuckieMagnets · wall_segment Stone Wall x1 |
| 39:58 | GA_PureViolence · first_building Archery Range |
| 40:39 | uku_ · first_building Archery Range |
| 41:02 | uku_ · age_up imperial |
| 41:12 | uku_ · first_building Stable |
| 42:22 | Katnip · first_building Siege Workshop |
| 42:48 | uku_ · wall_segment Stone Wall x1 |
| 43:15 | LaochraGael · tribute_sent a jugador 1 |
| 43:15 | LaochraGael · tribute_sent a jugador 2 |
| 43:15 | LaochraGael · tribute_sent a jugador 3 |
| 43:15 | LaochraGael · tribute_sent a jugador 5 |
| 43:15 | LaochraGael · tribute_sent a jugador 6 |
| 43:15 | LaochraGael · tribute_sent a jugador 7 |
| 43:15 | LaochraGael · tribute_sent a jugador 8 |
| 44:09 | ChuckieMagnets · first_building Barracks |
| 44:20 | uku_ · resign |
| 45:17 | ChuckieMagnets · age_up imperial |
[ ANÁLISIS IA · 1 CRÉDITO ]
¿Qué pasó realmente en esta partida?
Wolo.gg analiza cada decisión: build order, eco, micro, errores típicos por bracket. Análisis personalizado por WhatsApp o Discord en 30 segundos.
Guía civ
Jemeres
Guía mapa
Black Forest
Perfil
damiansima